 Dungeon Crawl Stone Soup version 0.19.3-1-g3169bf9 (webtiles) character file.

2613 rgaf the Basher (level 9, -8/51 HPs)
             Began as a Gargoyle Berserker on Jan 23, 2017.
             Was an Elder of Trog.
             Blown up by Maurice (21 damage)
             ... with a wand of disintegration
             ... on level 8 of the Dungeon.
             The game lasted 00:09:46 (4618 turns).

rgaf the Basher (Gargoyle Berserker)                Turns: 4618, Time: 00:09:47

Health: -8/51      AC: 19    Str: 21    XL:     9   Next: 60%
Magic:  9/9        EV: 10    Int: 11    God:    Trog [****..]
Gold:   291        SH:  0    Dex:  9    Spells: 0 memorised, 8 levels left

rFire  . . .     SeeInvis .     H - +3 flail
rCold  . . .     Gourm    .     F - +3 scale mail of Forking Paths {rN+}
rNeg   + + .     Faith    .     (no shield)
rPois  ∞         Spirit   .     d - +0 helmet
rElec  +         Reflect  .     D - +0 cloak
rCorr  .         Harm     .     (no gloves)
MR     .....                    (no boots)
Stlth  +.........               (no amulet)
                                (no ring)
                                f - ring of stealth

@: exhausted, slowed, very slow
A: negative energy resistance 1, electricity resistance, unbreathing,
petrification resistance, rot immunity, AC +5
a: Berserk, Trog's Hand, Brothers in Arms, Burn Spellbooks, Renounce Religion


You were on level 8 of the Dungeon.
You worshipped Trog.
Trog was greatly pleased with you.
You were near starving.

You visited 1 branch of the dungeon, and saw 8 of its levels.

You collected 291 gold pieces.

Inventory:

Hand Weapons
 a - a +0 mace
 y - a +3 flail of protection
 H - a +3 flail (weapon)
Missiles
 b - 7 javelins of penetration (quivered)
Armour
 d - a +0 helmet (worn)
 D - a +0 cloak (worn)
 F - the +3 scale mail of Forking Paths (worn) {rN+}
   (You found it on level 5 of the Dungeon)

   It protects you from negative energy.
 I - a +0 plate armour
Jewellery
 f - a ring of stealth (left hand)
Wands
 u - a wand of digging (6/24)
 v - a wand of random effects (23/48)
 w - a wand of random effects (28/48)
 K - a wand of slowing (23/48)
Scrolls
 g - 2 scrolls of fog {unknown}
 i - a scroll of recharging {unknown}
 l - 2 scrolls of fear {unknown}
 m - 2 scrolls of teleportation
 r - 2 scrolls of remove curse
 t - a scroll of blinking {unknown}
 x - 2 scrolls of identify
 z - 2 scrolls of magic mapping {unknown}
 A - a scroll of enchant weapon {unknown}
 B - 2 scrolls of enchant armour {unknown}
 G - a scroll of noise {unknown}
Potions
 e - a potion of might
 h - 2 potions of resistance
 k - 2 potions of brilliance
 p - 2 potions of flight
 q - a potion of invisibility
 s - 2 potions of curing
 E - a potion of haste
 J - 2 potions of cancellation {unknown}
Comestibles
 c - 8 bread rations
 j - 9 slices of pizza
 n - 4 fruits
 o - 2 meat rations
 C - 3 beef jerkies


   Skills:
 - Level 3.2 Fighting
 * Level 10.7 Maces & Flails
 + Level 8.4 Armour
 - Level 1.5 Dodging


You had 8 spell levels left.
You didn't know any spells.

Dungeon Overview and Level Annotations

Branches:
Dungeon (8/15)             Temple (0/1) D:7
   Lair: D:8-11

Altars:
Dithmenos
Fedhas
Makhleb
Uskayaw
The Shining One

Shops:
D:4 =

Annotations:
D:8 Maurice


Innate Abilities, Weirdness & Mutations

You are resistant to torment.
Your stone body is resilient. (AC +5)
You are immune to poison.
You resist negative energy. (rN+)
You are resistant to electric shocks. (rElec)
You can survive without breathing.
You are immune to petrification.
You are immune to rotting.


Message History

You sock something! You sock something!
You hear some strange, mumbled words.
You miss something. You miss something.
You hear some strange, mumbled words.
You feel a strong urge to attack something.
You are no longer berserk.
You are exhausted.
You feel yourself slow down.
You hear a zap.
You are blasted!
* * * LOW HITPOINT WARNING * * *
Something hits you but does no damage.
You hear some strange, mumbled words.
You hear a zap.
Something tries to affect you, but you resist.
You hear a zap.
You are blasted!
You die...

### ..# #.#
#### #.#
...##.##
.....#
#...# . #
#.@.#
#...#.#[..#
..........#
........#.#
####.####.#
#. #.# #
#.# #....#
....###.#


There were no monsters in sight!

Vanquished Creatures
  Eustachio (D:4)
  4 hogs (D:7)
  A human (D:7)
  Edmund (D:4)
  A phantom (D:6)
  An orc warrior (D:7)
  An ice beast (D:6)
  An ogre (D:5)
  2 sky beasts
  4 bullfrogs
  Blork the orc (D:6)
  3 killer bees (D:7)
  A howler monkey (D:4)
  A crimson imp (D:5)
  2 hounds
  Crazy Yiuf (D:7)
  3 bullfrog skeletons
  3 orc wizards
  An iguana (D:4)
  3 worker ants
  Robin (D:3)
  A gnoll (D:1)
  9 adders
  3 oozes
  2 adder skeletons
  A dart slug (D:1)
  3 worms
  9 leopard geckos
  11 orcs
  3 bats
  6 giant cockroaches
  16 goblins
  14 hobgoblins
  4 jackals
  7 quokkas
  A ball python skeleton (D:4)
  4 frilled lizards
  6 kobolds
  A quokka skeleton (D:4)
  A quokka zombie (D:5)
  6 rats
145 creatures vanquished.

Notes
Turn   | Place    | Note
-------+----------+-------------------------------------------
     0 | D:1      | rgaf the Gargoyle Berserker began the quest for the Orb.
     0 | D:1      | Reached XP level 1. HP: 14/14 MP: 1/1
    52 | D:1      | Reached XP level 2. HP: 9/19 MP: 2/2
   149 | D:1      | Reached XP level 3. HP: 19/23 MP: 3/3
   348 | D:1      | Reached skill level 4 in Maces & Flails
   744 | D:2      | Reached XP level 4. HP: 21/28 MP: 4/4
   948 | D:2      | Reached ** piety under Trog
  1126 | D:2      | Found a blossoming altar of Fedhas.
  1251 | D:2      | Found a burning altar of Makhleb.
  1425 | D:3      | Found a glowing golden altar of the Shining One.
  1479 | D:3      | Reached XP level 5. HP: 30/32 MP: 5/5
  1731 | D:3      | Noticed Robin
  1752 | D:3      | Reached skill level 5 in Maces & Flails
  1762 | D:3      | Killed Robin
  1981 | D:4      | Reached *** piety under Trog
  1995 | D:4      | Noticed Eustachio
  2009 | D:4      | Reached XP level 6. HP: 37/37 MP: 6/6
  2022 | D:4      | Killed Eustachio
  2022 | D:4      | Reached skill level 6 in Maces & Flails
  2038 | D:4      | Found Yjey's Jewellery Boutique.
  2046 | D:4      | Noticed Edmund
  2068 | D:4      | Killed Edmund
  2068 | D:4      | Reached skill level 5 in Armour
  2068 | D:4      | Reached XP level 7. HP: 34/41 MP: 7/7
  2538 | D:5      | Entered Level 5 of the Dungeon
  2552 | D:5      | Reached skill level 7 in Maces & Flails
  3179 | D:5      | Got a polished scale mail
  3180 | D:5      | Identified the +3 scale mail of Forking Paths {rN+} (You found it on level 5 of the Dungeon)
  3293 | D:5      | Reached XP level 8. HP: 37/46 MP: 8/8
  3384 | D:6      | Reached skill level 8 in Maces & Flails
  3402 | D:6      | Noticed Blork the orc
  3416 | D:6      | Killed Blork the orc
  3502 | D:6      | Reached **** piety under Trog
  3731 | D:6      | Reached skill level 9 in Maces & Flails
  3828 | D:7      | Found a staircase to the Ecumenical Temple.
  3905 | D:7      | Reached XP level 9. HP: 37/51 MP: 9/9
  3922 | D:7      | Reached skill level 10 in Maces & Flails
  4339 | D:7      | Noticed a dagger
  4367 | D:7      | Found a hide-covered altar of Uskayaw.
  4370 | D:7      | Noticed a hand axe
  4515 | D:7      | Found a runed door.
  4519 | D:7      | Noticed Crazy Yiuf
  4523 | D:7      | Killed Crazy Yiuf
  4574 | D:7      | Found a shadowy altar of Dithmenos.
  4588 | D:8      | Noticed Maurice
  4618 | D:8      | Blown up by Maurice

Skill      XL: |  1  2  3  4  5  6  7  8  9 |
---------------+----------------------------+-----
Maces & Flails | 4 5 6 7 9 10 | 10.7
Armour         | 3 4 5 6 7 8 |  8.4
Fighting       | |  3.2
Dodging        | |  1.5

Action                   |  1- 3 |  4- 6 |  7- 9 || total
-------------------------+-------+-------+-------++-------
Melee: Mace              |    97 |   228 |       ||   325
       Flail             |       |       |   315 ||   315
Invok: Berserk           |     1 |     2 |     2 ||     5
  Use: Scroll            |       |       |    13 ||    13
 Stab: Sleeping          |       |       |     1 ||     1
  Eat: Chunk             |     1 |     4 |     9 ||    14
       Pizza             |       |       |     1 ||     1
Armor: Animal skin       |    42 |    46 |       ||    88
       Ring mail         |       |    46 |    55 ||   101
       Scale mail        |       |       |   123 ||   123
Dodge: Dodged            |    89 |   118 |   142 ||   349
